 Dungeon Crawl Stone Soup version 0.32-a0-612-g1c984fe9d1 (webtiles) character file.

Game seed: 13270962350252522130

223 SinCena the Cudgeller (level 5, 0/5 HPs)
             Began as a Troll Berserker on Mar 4, 2024.
             Was a Believer of Trog.
             Slain by an adder (1 damage)
             ... on level 4 of the Dungeon.
             The game lasted 00:12:50 (2567 turns).

SinCena the Cudgeller (Troll Berserker)             Turns: 2567, Time: 00:12:59

Health: 0/5        AC:  3    Str: 27    XL:     5   Next: 66%
Magic:  4/4        EV: 10    Int:  3    God:    Trog [**....]
Gold:   155        SH:  0    Dex:  9    Spells: 4/4 levels left

rFire   . . .        t - melded +3 quarterstaff (chaos)
rCold   . . .        (shield currently unavailable)
rNeg    . . .        l - +0 robe
rPois   .            (helmet restricted)
rElec   .            d - +0 cloak
rCorr   .            (gloves unavailable)
SInv    .            (boots unavailable)
Will    .....        (no amulet)
Stlth   +            (no ring)
HPRegen 1.00/turn    (no ring)
MPRegen 0.09/turn

%: no passive effects
@: blade hands
A: reduced hp, large, unfitting armour, (claws 3), regeneration 1, shaggy fur 1,
tough skin 1
a: Begin Untransformation, Renounce Religion, Berserk, Trog's Hand


You were on level 4 of the Dungeon.
You worshipped Trog.
Trog was pleased with you.
You had blades for hands.
You visited 1 branch of the dungeon, and saw 4 of its levels.

You collected 155 gold pieces.

Inventory:

Hand Weapons
 a - a +0 mace
 o - a +0 glaive
 t - a +3 quarterstaff of chaos (melded)
Armour
 b - a +0 animal skin
 d - a +0 cloak (worn)
 l - a +0 robe (worn)
 m - a +0 chain mail
 n - a +0 leather armour
 p - a +0 ring mail
Jewellery
 v - a ring of magical power
Talismans
 w - a blade talisman (active)
 x - a blade talisman (active)
Scrolls
 e - a scroll of torment {unknown}
 f - a scroll of teleportation {unknown}
 j - a scroll of identify {unknown}
 k - a scroll of amnesia {unknown}
 q - a scroll of blinking {unknown}
 r - a scroll of enchant weapon {unknown}
 s - a scroll of vulnerability {unknown}
Potions
 c - 2 potions of resistance {unknown}
 g - a potion of attraction {unknown}
 h - 2 potions of curing {unknown}
 i - a potion of degeneration {unknown}
 u - a potion of berserk rage {unknown}


   Skills:
 + Level 3.4 Fighting
 + Level 3.8(3.9) Maces & Flails
 + Level 1.3(1.4) Polearms
 + Level 0.5(2.4) Staves
 + Level 3.4 Dodging
 + Level 0.1 Stealth


You had 4 spell levels left.
You didn't know any spells.
Your spell library was empty.

Dungeon Overview and Level Annotations

Branches:
Dungeon (4/15)
 Temple: D:4-7

Altars:


Innate Abilities, Weirdness & Mutations

You have blades for hands.
Your maximum health is decreased, since you lack skill for your form.
You are incapable of wielding weapons or throwing items.
You are too large for most types of armour.
((You have claws for hands.))
Your natural rate of healing is unusually fast.
You are covered in fur. (AC +1)
You have tough skin. (AC +1)


Message History

You begin transforming.
You continue transforming. x3
Your claws turn into razor-sharp scythe blades.
Your +3 quarterstaff of chaos melds into your body.
HP restored.
No target in view!
Okay, then.
Unknown command.
Done exploring.
Done exploring.
There is a stone staircase leading down here.
You climb downwards.
Found a stone staircase leading up.
There is a stone staircase leading up here.
The adder hisses angrily.
The adder closely misses you.
You hit the adder.
The adder is lightly wounded.
The adder bites you.
You barely miss the adder.
The adder is lightly wounded.
The adder barely misses you.
You closely miss the adder.
The adder is lightly wounded.
The adder bites you.
Ouch! That really hurt!
The adder barely misses you.
You closely miss the adder.
The adder is lightly wounded.
The adder barely misses you.
You miss the adder.
The adder is lightly wounded.
The adder bites you.
You hit the adder.
The adder is moderately wounded.
The adder bites you.
Ouch! That really hurt!
* * * LOW HITPOINT WARNING * * *
The adder bites you.
You die...

##.... . .....
..###<...
.......# #
.......##.#
#....#.#
#...<..#
##...### #.@.#
#.S.# .......
...........
#.............#
######...######
#...# #...#


You could see an adder.

Vanquished Creatures
  An orc wizard (D:3)
  Crazy Yiuf (D:2)
  4 gnolls (D:2)
  6 adders
  3 dart slugs
  3 ribbon worms
  3 orcs (D:3)
  6 ball pythons
  5 endoplasms
  2 giant cockroaches (D:1)
  4 goblins (D:2)
  5 hobgoblins
  2 jackals (D:1)
  2 quokkas
  8 bats
  6 frilled lizards
  6 kobolds
  3 rats
70 creatures vanquished.

Notes
Turn   | Place    | Note
-------+----------+-------------------------------------------
     0 | D:1      | SinCena the Troll Berserker began the quest for the Orb.
     0 | D:1      | Reached XP level 1. HP: 22/22 MP: 0/0
   183 | D:1      | Reached XP level 2. HP: 29/29 MP: 1/1
   836 | D:1      | Reached XP level 3. HP: 30/36 MP: 2/2
   952 | D:2      | Reached ** piety under Trog
   972 | D:2      | Reached XP level 4. HP: 15/45 MP: 3/3
  1790 | D:2      | Found a runed translucent door.
  1791 | D:2      | Noticed Crazy Yiuf
  1796 | D:2      | Killed Crazy Yiuf
  1797 | D:2      | Reached XP level 5. HP: 53/53 MP: 4/4
  2123 | D:3      | Reached skill level 1 in Polearms
  2567 | D:4      | Slain by an adder

Illustrated notes

Levels and vault maps discovered:
D:1:      spicycebolla_arrival_ecumenical, layout_loops_ring, minmay_cupped
D:2:      minmay_wonky_spiral, layout_basic, minmay_pentomino_q2,
          uniq_crazy_yiuf_cottage
D:3:      layout_rooms, kennysheep_generic_room_14
D:4:      layout_loops_cross

Skill      XL: |  1  2  3  4  5 |
---------------+----------------+-----
Maces & Flails | 3 |  3.8
Fighting       | 3 |  3.4
Dodging        | 3 |  3.4
Polearms       | 1 |  1.3
Staves         | |  0.5
Stealth        | |  0.1

Action                     |  1- 3 |  4- 6 || total
---------------------------+-------+-------++-------
  Melee: Mace              |   117 |    34 ||   151
         Glaive            |       |    49 ||    49
         Quarterstaff      |       |    44 ||    44
         Unarmed           |       |     6 ||     6
 Invoke: Berserk           |     1 |       ||     1
 Armour: Animal skin       |   100 |       ||   100
         Robe              |    19 |   163 ||   182
  Dodge: Dodged            |   103 |   106 ||   209
   Form: Blade             |       |     1 ||     1

Table legend: (Time is in decaauts)
 A = Elapsed time spent in this place.
 B = Non-inter-level travel time spent in this place.
 C = Inter-level travel time spent in this place.
 D = Time resting spent in this place.
 E = Time spent auto-exploring this place.
 F = Levels seen in this place.
 G = Mean time per level.
                   A        B        C        D        E       F      G
               +--------+--------+--------+--------+--------+-----+--------+
         Total |   2651 |   2402 |    249 |     27 |   1112 |   4 |  662.8 |
       Dungeon |   2651 |   2402 |    249 |     27 |   1112 |   4 |  662.8 |
               +--------+--------+--------+--------+--------+-----+--------+

Top non-repeatable levels by time:
     D:2: 1305 daAuts
     D:1: 885 daAuts
     D:3: 451 daAuts
     D:4: 8 daAuts
